 Dungeon Crawl Stone Soup version 0.27.0-1-g7a089689b8 (webtiles) character file.

Game seed: 9490611945985199184

103 Ravenswing17 the Chiller (level 4, -2/31 HPs)
             Began as a Vampire Ice Elementalist on Aug 11, 2021.
             Slain by a bullfrog skeleton (5 damage)
             ... on level 3 of the Dungeon.
             The game lasted 00:06:27 (1980 turns).

Ravenswing17 the Chiller (Vampire Ice Elementalist) Turns: 1980, Time: 00:06:28

Health: -2/31      AC:  3    Str:  7    XL:     4   Next: 51%
Magic:  6/7        EV: 13    Int: 18    God:
Gold:   119        SH:  0    Dex: 14    Spells: 6/7 levels left

rFire    . . .     SeeInvis +   e - +0 dagger
rCold    . . .     Faith    .   (no shield)
rNeg     . . .     Spirit   .   a - +1 robe
rPois    .         Reflect  .   (no helmet)
rElec    .         Harm     .   (no cloak)
rCorr    .         Rampage  .   (no gloves)
Will     .....                  (no boots)
Stlth    ++........             (no amulet)
HPRegen  0.30/turn              (no ring)
MPRegen  0.10/turn              (no ring)

@: healing quickly
A: alive, fangs 3, see invisible, vampiric 2
a: Exsanguinate


You were on level 3 of the Dungeon.
You visited 1 branch of the dungeon, and saw 3 of its levels.

You collected 119 gold pieces.

Inventory:

Hand Weapons
 e - a +0 dagger (weapon)
Missiles
 b - 57 arrows
 d - 26 poisoned darts (quivered)
 f - 63 stones
 h - 21 bolts
Armour
 a - a +1 robe (worn)
Scrolls
 c - a scroll of identify
 g - a scroll of amnesia
 i - a scroll of summoning


   Skills:
 + Level 0.6 Fighting
 + Level 1.3 Short Blades
 + Level 0.6 Throwing
 + Level 3.1 Dodging
 + Level 3.7 Stealth
 + Level 2.4 Spellcasting
 + Level 4.5 Ice Magic


You had 6 spell levels left.
You knew the following spells:

 Your Spells              Type           Power      Damage    Failure   Level
a - Freeze                Ice            72%        1d9       2%          1

Your spell library contained the following spells:

 Spells                   Type           Power      Damage    Failure   Level
 Frozen Ramparts          Ice            36%        1d5       9%          3
 Ozocubu's Armour         Ice            18%        N/A       9%          3
 Foxfire                  Conj/Fire      8%         2x1d4     17%         1
 Conjure Flame            Conj/Fire      2%         6-21      45%         3
 Inner Flame              Hex/Fire       2%         N/A       45%         3
 Summon Guardian Golem    Hex/Summ       2%         N/A       45%         3
 Hailstorm                Conj/Ice       10%        3d5       56%         4
 Orb of Destruction       Conj           1%         N/A       100%        7
 Spellforged Servitor     Conj/Summ      1%         N/A       100%        7
 Chain Lightning          Conj/Air       1%         3d1       100%        9
 Fire Storm               Conj/Fire      1%         7d1       100%        9


Dungeon Overview and Level Annotations

Branches:
Dungeon (3/15)

Altars:


Innate Abilities, Weirdness & Mutations

Your natural rate of healing is accelerated.
You have razor-sharp teeth.
You have supernaturally acute eyesight. (SInv)
You are afflicted with vampirism and can become a bat while bloodless.


Message History

Press: ? - help, Shift-Dir - straight line, f/p - bullfrog skeleton
Aim: a bullfrog skeleton (heavily damaged)
You freeze the bullfrog skeleton.
The bullfrog skeleton resists.
The bullfrog skeleton is heavily damaged.
The bullfrog skeleton closely misses you.
You hit the bullfrog skeleton.
The bullfrog skeleton is heavily damaged.
The bullfrog skeleton barely misses you.
You barely miss the bullfrog skeleton.
The bullfrog skeleton is heavily damaged.
The bullfrog skeleton barely misses you.
You hit the bullfrog skeleton.
The bullfrog skeleton is heavily damaged.
The bullfrog skeleton hits you.
* * * LOW HITPOINT WARNING * * *
The bullfrog skeleton hits you.
* * * LOW HITPOINT WARNING * * *
You hit the bullfrog skeleton but do no damage.
You bite the bullfrog skeleton.
The bullfrog skeleton is severely damaged.
The bullfrog skeleton barely misses you.
You completely miss the bullfrog skeleton.
The bullfrog skeleton is severely damaged.
The bullfrog skeleton hits you but does no damage.
You hit the bullfrog skeleton.
The bullfrog skeleton is severely damaged.
The bullfrog skeleton hits you.
* * * LOW HITPOINT WARNING * * *
You hit the bullfrog skeleton.
The bullfrog skeleton is almost destroyed.
The bullfrog skeleton hits you but does no damage.
The bullfrog skeleton barely misses you.
You hit the bullfrog skeleton.
The bullfrog skeleton is almost destroyed.
The bullfrog skeleton hits you.
* * * LOW HITPOINT WARNING * * *
You barely miss the bullfrog skeleton. You bite the bullfrog skeleton.
The bullfrog skeleton is almost destroyed.
The bullfrog skeleton hits you.
You die...

......##.....#####.##
..............##
.(..<.......#...#
............#.#.########
..........###...........
... ((.#..####.........
.. #)##..###.........
..#.#.#)Z.....#.........
...?...@................
......####......##.#####
......######.....#..###
...............#......#
......#....†.......##...
###. ....[.....#)...####
#. .#.................
##.......###.....#
#.......# ##....#


You could see a bullfrog skeleton.

Vanquished Creatures
  An orc wizard (D:3)
  2 adders
  A worm (D:3)
  A dart slug (D:2)
  2 orcs (D:3)
  4 bats
  6 endoplasms
  2 giant cockroaches (D:2)
  5 goblins
  4 hobgoblins
  2 jackals (D:2)
  3 quokkas
  4 ball pythons (D:2)
  2 frilled lizards
  4 kobolds
  7 rats
50 creatures vanquished.

Notes
Turn   | Place    | Note
-------+----------+-------------------------------------------
     0 | D:1      | Ravenswing17 the Vampire Ice Elementalist began the quest
                  | for the Orb.
     0 | D:1      | Reached XP level 1. HP: 13/13 MP: 3/3
   259 | D:1      | Reached XP level 2. HP: 14/19 MP: 5/5
   995 | D:2      | Gained mutation: You are afflicted with vampirism and can
                  | become a bat while bloodless. [Vampire growth]
   995 | D:2      | Reached XP level 3. HP: 24/24 MP: 3/6
  1647 | D:2      | Reached skill level 1 in Short Blades
  1842 | D:3      | Reached XP level 4. HP: 27/31 MP: 7/7
  1963 | D:3      | HP: 1/31 [bullfrog skeleton (3)]
  1980 | D:3      | Slain by a bullfrog skeleton

Illustrated notes

Levels and vault maps discovered:
D:1:      amcnicky_arrival_abandoned_market, layout_loops_ring,
          roderic_lattice_a
D:2:      layout_basic, serial_glass, glass_columns_a, glass_columns_a,
          minmay_heptomino_h4
D:3:      layout_rooms, minitemple, chequers_serial_rivers_small_a, uniq_grinder

Skill      XL: |  1  2  3 |
---------------+----------+-----
Short Blades   | 1 |  1.3
Dodging        | 3 |  3.1
Fighting       | |  0.6
Throwing       | |  0.6
Stealth        | |  3.7
Spellcasting   | |  2.4
Ice Magic      | |  4.5

Action                   |  1- 3 |  4- 6 || total
-------------------------+-------+-------++-------
Melee: Unarmed           |    22 |       ||    22
       Dagger            |   146 |    36 ||   182
       Bite              |    13 |     4 ||    17
Throw: Dart              |    16 |    15 ||    31
 Cast: Freeze            |    14 |    10 ||    24
  Use: Scroll            |     5 |       ||     5
       Potion            |       |     1 ||     1
 Stab: Sleeping          |     8 |     1 ||     9
Armor: Robe              |    47 |     8 ||    55
Dodge: Dodged            |   143 |    27 ||   170
